 Dungeon Crawl Stone Soup version 0.23-a0-26-g9187234747 (webtiles) character file.

128 Htamos the Ruffian (level 4, -5/67 HPs)
             Began as a Troll Monk on Aug 3, 2018.
             Slain by a worm (6 damage)
             ... on level 2 of the Dungeon.
             The game lasted 00:02:24 (1214 turns).

Htamos the Ruffian (Troll Monk)                     Turns: 1214, Time: 00:02:24

Health: -5/67      AC: 22    Str: 19    XL:     4   Next: 86%
Magic:  3/3        EV:  1    Int:  6    God:
Gold:   25         SH:  0    Dex: 18    Spells: 3/3 levels left

rFire    . . .     SeeInvis .     - Unarmed
rCold    . . .     Gourm    +   (no shield)
rNeg     + + +     Faith    .   (armour currently unavailable)
rPois    +         Spirit   .   (helmet currently unavailable)
rElec    .         Reflect  .   (cloak currently unavailable)
rCorr    .         Harm     .   (gloves unavailable)
MR       .....     NoTele   +   (boots unavailable)
Stlth    +++.......             (no amulet)
HPRegen  0.61/turn              (no ring)
MPRegen  0.08/turn              (no ring)

@: agile, lethally poisoned (-5 -> -9), tree-form
A: large, unfitting armour, fast metabolism 3, gourmand, regeneration 1
a: no special abilities


You were on level 2 of the Dungeon.
You were very full.
You were a tree.
You visited 1 branch of the dungeon, and saw 2 of its levels.

You collected 25 gold pieces.

Inventory:

Armour
 a - a +0 robe (melded)
 f - a +0 cloak (melded)
Scrolls
 c - 2 scrolls of enchant weapon {unknown}
 d - a scroll of identify {unknown}
 e - a scroll of teleportation {unknown}
 g - 2 scrolls of amnesia {unknown}
 k - 3 scrolls of remove curse {unknown}
 l - a scroll of noise {unknown}
Potions
 j - a potion of agility
Comestibles
 b - 5 rations
 h - 4 chunks of flesh


   Skills:
 + Level 3.1 Fighting
 * Level 3.7 Dodging
 - Level 1.0 Stealth
 + Level 3.7 Unarmed Combat


You had 3 spell levels left.
You didn't know any spells.
Your spell library was empty.

Dungeon Overview and Level Annotations

Branches:
Dungeon (2/15)

Altars:


Innate Abilities, Weirdness & Mutations

You are too large for most types of armour.
((You have claws for hands.))
Your metabolism is lightning-fast.
You like to eat raw meat.
Your natural rate of healing is unusually fast.
((You are covered in fur. (AC +1)))
((You have very tough skin. (AC +2)))


Message History

Things that are here:
a club; a goblin corpse
* * * LOW HITPOINT WARNING * * *
You feel sick.
There is a lethal amount of poison in your body!
It was a potion of agility.
You feel agile all of a sudden.
* * * LOW HITPOINT WARNING * * *
You feel sick.
* * * LOW HITPOINT WARNING * * *
You feel sick.
It was a potion of lignification.
You turn into a tree.
Your +0 cloak melds into your body.
Your +0 robe melds into your body.
Your roots penetrate the ground.
* * * LOW HITPOINT WARNING * * *
You feel sick.
You barely miss the worm.
* * * LOW HITPOINT WARNING * * *
You feel sick. The worm bites you.
You die...

#?####...###########.#
##....).........#
#.###########..# #.#
#..# #)# #..# #)# #...
#)# ##.# ####)# #.. #.
#.♣w(# ### #. #.#### #
#. #.# # ##.##.#
########## # #...#.#
#(.......# # #.#...#
#.######.### #.....#
#.# #....... ####..#
#.# #.##.### #..# #.#
#.##.##.


You could see a worm.

Vanquished Creatures
  Natasha (twice) (D:2)
  Robin (D:2)
  An adder (D:2)
  3 dart slugs
  A leopard gecko (D:2)
  5 bats
  3 giant cockroaches
  3 hobgoblins
  4 jackals (D:1)
  3 frilled lizards
  14 goblins
  2 kobolds
  8 rats
50 creatures vanquished.

Vanquished Creatures (others)
  A goblin (D:2)
1 creature vanquished.

Grand Total: 51 creatures vanquished

Notes
Turn   | Place    | Note
-------+----------+-------------------------------------------
     0 | D:1      | Htamos the Troll Monk began the quest for the Orb.
     0 | D:1      | Reached XP level 1. HP: 22/22 MP: 0/0
    62 | D:1      | Reached XP level 2. HP: 29/29 MP: 1/1
   753 | D:2      | Reached XP level 3. HP: 36/36 MP: 2/2
   857 | D:2      | Noticed Natasha
   862 | D:2      | Killed Natasha
   868 | D:2      | Noticed Natasha
   877 | D:2      | Killed Natasha
   877 | D:2      | Reached XP level 4. HP: 42/45 MP: 3/3
  1161 | D:2      | Noticed Robin
  1208 | D:2      | Killed Robin
  1212 | D:2      | HP: 2/45 [poisoned by Robin]
  1214 | D:2      | Slain by a worm

Vault maps used:
D:1:      dpeg_arrival_simpleton_c
D:2:      uniq_natasha, uniq_robin, uniq_terence

Skill      XL: |  1  2  3 |
---------------+----------+-----
Dodging        | 3 |  3.7
Fighting       | 3 |  3.1
Stealth        | |  1.0
Unarmed Combat | |  3.7

Action                   |  1- 3 |  4- 6 || total
-------------------------+-------+-------++-------
Melee: Unarmed           |    79 |    54 ||   133
       Punch             |     1 |       ||     1
  Use: Potion            |       |     2 ||     2
 Stab: Sleeping          |     4 |     1 ||     5
  Eat: Chunk             |    13 |     3 ||    16
Armor: Robe              |    29 |    19 ||    48
Dodge: Dodged            |    34 |    29 ||    63

Table legend:
 A = Spawn XP
 B = Non-spawn XP
 C = Spawn XP percentage of total XP
 D = Spawn monster count
 E = Non-spawn monster count
 F = Spawn count percentage of total count
 G = Total turns spent on level
                    A         B        C        D         E        F      G
               +---------+---------+-------+---------+---------+-------+---------
         Total |       0 |     183 |   0.0 |       0 |      50 |   0.0 |  1214
               +---------+---------+-------+---------+---------+-------+---------
           D:1 |       0 |      39 |   0.0 |       0 |      23 |   0.0 |   737
           D:2 |       0 |     144 |   0.0 |       0 |      27 |   0.0 |   477
               +---------+---------+-------+---------+---------+-------+---------
